 Dungeon Crawl Stone Soup version 0.19-a0-27-g415f530 (webtiles) character file.

2 Duffy the Insei (level 1, -1/15 HPs)
             Began as a Demonspawn Transmuter on May 1, 2016.
             Slain by a jackal (2 damage)
             ... on level 1 of the Dungeon.
             The game lasted 00:00:11 (36 turns).

Duffy the Insei (Demonspawn Transmuter)               Turns: 36, Time: 00:00:12

Health: -1/15      AC:  2    Str: 10    XL:     1   Next: 33%
Magic:  3/3        EV: 12    Int: 14    God:
Gold:   0          SH:  0    Dex: 13    Spells: 1 memorised, 3 levels left

rFire  . . .     SeeInvis .       - Unarmed
rCold  . . .     Gourm    .     b - +0 robe
rNeg   . . .     Faith    .     (no shield)
rPois  .         Spirit   .     (no helmet)
rElec  .         Dismiss  .     (no cloak)
rCorr  .         Reflect  .     (no gloves)
SustAt .         Harm     .     (no boots)
MR     .....                    (no amulet)
Stlth  +.........               (no ring)
                                (no ring)

@: not resistant to hostile enchantments, very unstealthy
A: no striking features
a: no special abilities


You were on level 1 of the Dungeon.
You were not hungry.

You visited 1 branch of the dungeon, and saw 1 of its levels.


   Skills:
 - Level 1.0 Fighting
 - Level 1.7 Dodging
 + Level 2.9 Unarmed Combat
 - Level 2.0 Spellcasting
 - Level 1.7 Transmutations


You had 3 spell levels left.
You knew the following spells:

 Your Spells              Type           Power        Failure   Level  Hunger
a - Beastly Appendage     Trmt           #.....       14%         1    ##.....

Inventory:

Missiles
 a - 12 arrows
Armour
 b - a +0 robe (worn)
Books
 c - a book of Changes
Comestibles
 d - a bread ration

Dungeon Overview and Level Annotations

Branches:
Dungeon (1/15)

Altars:


Message History

The jackal completely misses you. The jackal misses you.
You hit the jackal but do no damage. You punch the jackal.
The jackal is moderately wounded.
The jackal closely misses you. The jackal completely misses you.
You hit the jackal.
The jackal is severely wounded.
The jackal bites you. The jackal misses you. The jackal bites you.
You hit the jackal.
You kill the jackal!
The jackal misses you.
You barely miss the jackal. The jackal barely misses you. The jackal bites you.
The jackal closely misses you.
You are too injured to fight recklessly!
You are too injured to fight recklessly!
You are too injured to fight recklessly!
You are too injured to fight recklessly!
You are too injured to fight recklessly!
You are too injured to fight recklessly!
You are too injured to fight recklessly!
You are too injured to fight recklessly!
You are too injured to fight recklessly!
You are too injured to fight recklessly!
You are too injured to fight recklessly!
You are too injured to fight recklessly!
You are too injured to fight recklessly!
You are too injured to fight recklessly!
You are too injured to fight recklessly!
You are too injured to fight recklessly!
You barely miss the jackal. The jackal completely misses you.
The jackal bites you.
The jackal bites you but does no damage.
You hit the jackal.
The jackal is almost dead.
The jackal bites you. x2; The jackal misses you.
You hit the jackal.
You kill the jackal!
The jackal barely misses you. The jackal barely misses you.
Things that are here:
a jackal corpse x2
The jackal barely misses you. The jackal closely misses you.
You closely miss the jackal. The jackal closely misses you.
You closely miss the jackal.
The jackal bites you but does no damage.
The jackal closely misses you.
You closely miss the jackal. The jackal bites you.
You hit the jackal.
The jackal is moderately wounded.
The jackal bites you.
You die...

####### .....
...7 ###7.P###
# #.##.##<# #.
#%hl.'..# #..
#@##.##.# #.#.
###7.7###
..... #....7#
#...##.....#
#........###
#........#
........%.#.#
....$.....##.#
......?#### .#


You could see a giant gecko and a jackal.

Action                   || total
-------------------------++-------
Melee: Unarmed           ||    18
       Punch             ||     1
Armor: Robe              ||     4
Dodge: Dodged            ||    25

Notes
Turn   | Place    | Note
--------------------------------------------------------------
     0 | D:1      | Duffy the Demonspawn Transmuter began the quest for the Orb.
     0 | D:1      | Reached XP level 1. HP: 15/15 MP: 3/3
    36 | D:1      | Slain by a jackal

Vault maps used:
D:1:      sevenhm_arrival_forest_fort_small_4, minmay_unequal

Vanquished Creatures
  2 jackals
2 creatures vanquished.
